Map: White Rabbit LE

Players

Brodan

  • Race: Zerg Zerg
  • League: Diamond
  • Spawn Location: 1:00

HoldTheDoor - Winner!

  • Race: Protoss Protoss
  • League: Diamond
  • Spawn Location: 7:00

VOD

Have the link to the VOD?

Description

Time

  • Played on: May 22, 2026, 12:05 p.m.
  • Length: 10:14
Show
View Real Time Build Order
Export as new Build Order

Brodan Zerg 

Build Orders: Hatch First 

Get SALT Encoding   

  12  0:04  Drone  
  13  0:10  Drone  
  14  0:18  Extractor, Drone  
  15  0:24  Overlord  
  15  0:43  Drone  
  15  0:46  Hatchery  
  15  0:52  Drone x2  
  17  1:00  Drone  
  18  1:11  Spawning Pool  
  17  1:14  Extractor  
  17  1:15  Drone  
  17  1:20  Drone  
  18  1:30  Drone  
  19  1:40  Drone  
  20  1:48  Hatchery  
  20  1:54  Drone  
  20  1:58  Drone  
  20  2:00  Queen  
  23  2:03  Zergling x2  
  24  2:08  Drone  
  24  2:13  Drone  
  26  2:20  Drone  
  27  2:23  Drone  
  27  2:28  Metabolic Boost  
  28  2:36  Extractor, Drone  
  28  2:40  Overlord  
  28  2:53  Overlord  
  28  2:57  Queen  
  28  2:58  Lair  
  30  3:01  Drone x4  
  34  3:05  Drone  
  34  3:07  Drone  
  34  3:10  Drone  
  38  3:12  Drone  
  38  3:15  Drone  
  38  3:17  Drone  
  40  3:28  Drone  
  40  3:29  Drone  
  40  3:30  Drone x3  
  40  3:32  Drone  
  46  3:39  Evolution Chamber  
  45  3:42  Evolution Chamber  
  45  3:44  Drone x2  
  45  3:48  Overlord, Baneling Nest  
  45  3:51  Drone x2  
  47  4:01  Drone x3, Hydralisk Den  
  49  4:08  Zerg Ground Armor Level 1  
  49  4:19  Overlord x3  
  49  4:26  Zerg Melee Weapons Level 1  
  49  4:27  Zergling x12  
  49  4:28  Zergling x4  
  49  4:30  Zergling x2  
  58  4:33  Grooved Spines  
  58  4:37  Hydralisk  
  60  4:43  Drone x3, Queen  
  60  4:44  Drone  
  66  4:46  Drone  
  66  4:48  Drone  
  68  4:53  Drone x2  
  70  5:02  Extractor  
  70  5:03  Spore Crawler  
  70  5:06  Hydralisk  
  68  5:07  Hydralisk x2  
  74  5:18  Overseer  
  74  5:20  Extractor, Drone  
  74  5:21  Drone x4  
  78  5:28  Zergling x8  
  81  5:50  Hatchery  
  80  5:58  Hatchery, Overlord  
  80  5:59  Overlord  
  80  6:01  Overlord x2  
  79  6:07  Hatchery  
  78  6:16  Spore Crawler  
  77  6:33  Hydralisk, Extractor  
  77  6:34  Hydralisk  
  77  6:35  Hydralisk x6  
  77  6:36  Hydralisk x3  
  77  6:37  Zergling x6  
  77  6:38  Zergling x2  
  102  6:41  Baneling  
  102  6:42  Baneling x2  
  102  6:47  Zergling x2  
  102  6:49  Zergling x2  
  104  6:58  Zergling x6  
  104  6:59  Zergling x2  
  104  7:00  Zerg Melee Weapons Level 2  
  108  7:04  Zerg Missile Weapons Level 1  
  108  7:06  Zergling x2  
  108  7:07  Zergling x2  
  110  7:11  Queen  
  110  7:13  Drone x3  
  115  7:15  Overseer  
  115  7:33  Drone x4  
  115  7:34  Drone x7  
  126  7:38  Extractor  
  126  7:40  Extractor  
  126  7:42  Drone x2  
  126  7:43  Overlord x5  
  126  7:50  Evolution Chamber  
  125  7:57  Infestation Pit, Hydralisk  
  126  8:03  Drone x2  
  126  8:04  Drone x4  
  126  8:05  Drone x3  
  134  8:06  Drone x2  
  134  8:08  Overlord  
  137  8:21  Baneling  
  137  8:22  Baneling x12  
  137  8:25  Baneling  
  137  8:26  Baneling x11  
  126  8:47  Zergling x2  
  126  8:48  Zergling x30  
  133  8:54  Hydralisk x5  
  139  9:08  Hydralisk x2  
  144  9:16  Zergling x2  
  124  9:17  Zergling x8  
  124  9:18  Zergling x2  
  124  9:19  Zergling x2  
  116  9:29  Zergling x8  
  116  9:30  Zergling x8  
  116  9:31  Zergling x6  
  120  9:34  Hydralisk  
  122  9:45  Hydralisk x4  
  124  9:48  Hydralisk  
  120  9:53  Zergling x2  
Show
View Real Time Build Order
Export as new Build Order

HoldTheDoor Protoss - Winner!

Build Orders: 1 Gate Expand, Archon Immortal, Archon Drop, Dark Templar Rush 

Get SALT Encoding   

  12  0:00  Probe  
  13  0:12  Probe  
  14  0:18  Pylon  
  14  0:24  Probe  
  15  0:32  Probe  
  15  0:40  Gateway, Probe  
  17  0:50  Assimilator  
  17  0:52  Probe  
  18  1:05  Probe  
  19  1:23  Nexus  
  19  1:27  Assimilator  
  19  1:40  Pylon  
  19  1:41  Probe  
  20  1:53  Probe  
  21  2:04  Cybernetics Core  
  21  2:08  Probe  
  22  2:20  Probe  
  23  2:22  Gateway  
  23  2:28  Stalker  
  23  2:32  Probe  
  23  2:35  Probe  
  25  2:42  Warp Gate  
  27  2:44  Probe  
  27  2:49  Pylon, Probe  
  29  2:56  Probe  
  29  2:57  Adept  
  30  3:03  Twilight Council  
  32  3:12  Probe  
  33  3:15  Probe  
  34  3:21  Robotics Facility  
  34  3:24  Probe  
  35  3:27  Probe  
  35  3:28  Assimilator  
  36  3:36  Probe  
  36  3:40  Probe  
  38  3:43  Dark Shrine  
  38  3:45  Pylon  
  38  3:48  Probe  
  39  3:52  Probe  
  40  3:58  Warp Prism  
  40  4:00  Probe  
  41  4:04  Probe  
  44  4:12  Probe  
  44  4:16  Probe  
  46  4:17  Gateway  
  46  4:20  Gateway  
  46  4:24  Probe  
  46  4:28  Pylon, Probe  
  48  4:36  Probe  
  49  4:40  Probe  
  50  4:45  Nexus  
  50  4:47  Pylon  
  50  4:51  Probe  
  50  4:52  Probe  
  52  4:58  Dark Templar x2  
  56  5:05  Charge  
  56  5:12  Dark Templar  
  58  5:15  Dark Templar  
  60  5:26  Probe  
  60  5:27  Probe  
  62  5:30  Immortal  
  62  5:35  Forge  
  66  5:37  Pylon  
  66  5:38  Probe  
  66  5:39  Probe  
  66  5:40  Pylon  
  66  5:54  Archon  
  66  6:00  Dark Templar  
  66  6:02  Zealot x3  
  74  6:06  Archon  
  74  6:19  Probe x2  
  74  6:20  Probe  
  77  6:31  Probe x2  
  79  6:35  Dark Templar  
  79  6:36  Dark Templar x3  
  87  6:40  Archon x2  
  87  6:52  Shield Battery x2  
  87  6:54  Pylon  
  87  6:56  Pylon  
  87  7:01  Immortal  
  91  7:03  Probe x2  
  91  7:04  Photon Cannon, Probe  
  94  7:16  Gateway  
  94  7:17  Gateway  
  94  7:19  Gateway  
  94  7:20  Gateway  
  94  7:21  Dark Templar x3  
  94  7:22  Gateway  
  100  7:25  Gateway  
  100  7:26  Dark Templar, Gateway  
  100  7:28  Archon, Gateway  
  100  7:29  Archon  
  102  7:31  Pylon  
  102  7:33  Pylon  
  102  7:37  Immortal  
  102  7:39  Protoss Ground Weapons Level 1, Photon Cannon  
  102  7:41  Photon Cannon  
  102  7:42  Pylon  
  102  7:43  Pylon  
  102  7:46  Photon Cannon  
  106  7:54  Zealot x3  
  106  7:58  Zealot  
  114  8:10  Pylon  
  114  8:11  Pylon  
  114  8:13  Zealot x2  
  114  8:14  Zealot x3  
  114  8:15  Photon Cannon  
  114  8:19  Zealot x3  
  130  8:21  Zealot  
  132  8:27  Immortal  
  105  8:57  Pylon  
  105  8:58  Shield Battery  
  105  9:01  Zealot x6  
  105  9:02  Zealot x5  
  127  9:03  Zealot  
  127  9:13  Immortal  
  105  9:25  Zealot x6  
  117  9:37  Zealot x5  
  121  9:55  Zealot  
  121  9:56  Zealot  
  121  9:57  Zealot x3  
  121  9:58  Zealot x3  
  125  10:08  Zealot x3  
  125  10:09  Zealot  
Tags
 
Add a new tag
Caveats
  • Supply blocks, unpowered buildings, or Contaminate may cause inaccurate times.
  • Supply counts are checked every 10 seconds.